 Dungeon Crawl Stone Soup version 0.22-a0-136-g83a10e5 (webtiles) character file.

224 varam the Bolt Thrower (level 6, -1/48 HPs)
             Began as a Formicid Hunter on Feb 2, 2018.
             Was an Initiate of Dithmenos.
             Slain by a worker ant (3 damage)
             ... on level 5 of the Dungeon.
             The game lasted 00:07:17 (2228 turns).

varam the Bolt Thrower (Formicid Hunter)            Turns: 2228, Time: 00:07:18

Health: -1/48      AC:  4    Str: 17    XL:     6   Next: 20%
Magic:  6/6        EV: 11    Int: 10    God:    Dithmenos [......]
Gold:   140        SH:  0    Dex: 13    Spells: 5/5 levels left

rFire    . . .     SeeInvis +   a - +1 hand crossbow
rCold    . . .     Gourm    .   (no shield)
rNeg     . . .     Faith    .   n - -2 scale mail (curse)
rPois    .         Spirit   .   (helmet unavailable)
rElec    .         Reflect  .   (no cloak)
rCorr    .         Harm     .   (no gloves)
MR       .....                  (no boots)
Stlth    +.........             (no amulet)
HPRegen  0.16/turn              j - ring of wizardry
MPRegen  0.10/turn              m - ring of teleportation (curse)

@: lethally poisoned (-1 -> -16)
A: permanent stasis, dig shafts and tunnels, four strong arms, antennae 3
a: Dig, Shaft Self, Renounce Religion


You were on level 5 of the Dungeon.
You worshipped Dithmenos.
Dithmenos was noncommittal.
You were very hungry.

You visited 1 branch of the dungeon, and saw 5 of its levels.

You collected 140 gold pieces.

Inventory:

Hand Weapons
 a - a +1 hand crossbow (weapon)
 b - a +0 short sword
Missiles
 d - 16 bolts (quivered)
Armour
 c - a +1 leather armour
 h - a +0 leather armour
 n - a cursed -2 scale mail (worn)
Jewellery
 j - a ring of wizardry (left hand)
 m - a cursed ring of teleportation (right hand)
Scrolls
 g - a scroll of fear {unknown}
 i - a scroll of identify
 p - a scroll of amnesia {unknown}
 u - a scroll of blinking {unknown}
Potions
 e - a potion of mutation
 k - 2 potions of brilliance {unknown}
 l - 3 potions of curing {unknown}
 o - a potion of degeneration {unknown}
 q - a potion of flight {unknown}
 r - 2 potions of might {unknown}
 s - 2 potions of haste {unknown}
 t - a potion of agility {unknown}
Comestibles
 f - 5 rations


   Skills:
 + Level 3.7 Fighting
 + Level 4.9 Crossbows
 + Level 3.1 Dodging
 + Level 3.8 Stealth


You had 5 spell levels left.
You didn't know any spells.

Dungeon Overview and Level Annotations

Branches:
Dungeon (5/15)
 Temple: D:4-7

Altars:
Dithmenos

Annotations:
D:2 Crazy Yiuf


Innate Abilities, Weirdness & Mutations

You cannot be hasted, slowed, berserked, paralysed or teleported.
You can dig through walls and to a lower floor.
Your four strong arms can wield two-handed weapons with a shield.
You have a pair of large antennae on your head. (SInv)


Message History

Aim: a worker ant You shoot a bolt.
The bolt hits the worker ant.
The worker ant is moderately wounded.
You feel sick. The worker ant bites you.
* * * LOW HITPOINT WARNING * * *
You are lethally poisoned!
The worker ant poisons you! The worker ant bites you.
* * * LOW HITPOINT WARNING * * *
You are more poisoned.
The worker ant poisons you!
Firing (i - inventory)
d - 17 bolts (quivered)
Press: ? - help, Shift-Dir - straight line, f/p - worker ant
Aim: a worker ant (moderately wounded)
You shoot a bolt.
The bolt hits the worker ant but does no damage.
The worker ant is moderately wounded.
You are feeling very hungry.
* * * LOW HITPOINT WARNING * * *
You feel sick. The worker ant bites you.
You die...

### #(.
#.# #)#
#@# #a#
#.# #
#.###...#
#........
#####...#
##


You could see a worker ant.

Vanquished Creatures
  An orc wizard (D:5)
  Natasha (thrice) (D:2)
  Terence (D:2)
  4 adders
  An ooze (D:3)
  A worm (D:2)
  3 dart slugs (D:1)
  A leopard gecko (D:2)
  4 bats
  A giant cockroach (D:1)
  4 hobgoblins
  2 jackals (D:1)
  6 kobolds
  3 quokkas (D:2)
  2 frilled lizards (D:1)
  8 goblins
  4 rats
49 creatures vanquished.

Notes
Turn   | Place    | Note
-------+----------+-------------------------------------------
     0 | D:1      | varam the Formicid Hunter began the quest for the Orb.
     0 | D:1      | Reached XP level 1. HP: 16/16 MP: 1/1
   227 | D:1      | Reached XP level 2. HP: 23/23 MP: 2/2
   303 | D:1      | Reached skill level 2 in Dodging
   483 | D:1      | Reached skill level 2 in Stealth
   569 | D:1      | Reached XP level 3. HP: 28/28 MP: 3/3
   902 | D:2      | Noticed Terence
   914 | D:2      | Killed Terence
   914 | D:2      | Reached XP level 4. HP: 34/34 MP: 4/4
   915 | D:2      | Noticed Natasha
   926 | D:2      | Killed Natasha
   926 | D:2      | Reached skill level 3 in Fighting
   949 | D:2      | Noticed Natasha
  1207 | D:2      | Reached skill level 3 in Stealth
  1207 | D:2      | Reached XP level 5. HP: 26/41 MP: 5/5
  1210 | D:2      | Killed Natasha
  1260 | D:2      | Noticed Natasha
  1270 | D:2      | Killed Natasha
  1317 | D:2      | Found a runed door.
  1621 | D:2      | Found a shadowy altar of Dithmenos.
  1641 | D:2      | Became a worshipper of Dithmenos the Shadowed
  1769 | D:2      | Noticed Crazy Yiuf
  2022 | D:3      | Reached skill level 3 in Dodging
  2022 | D:3      | Reached XP level 6. HP: 36/47 MP: 6/6
  2207 | D:3      | You fall through a shaft for 2 floors!
  2207 | D:5      | Entered Level 5 of the Dungeon
  2227 | D:5      | HP: 4/48 [worker ant (6)]
  2228 | D:5      | Slain by a worker ant

Vault maps used:
D:1:      eino_arrival_cavern_c, corner_web_ring, hex_medium
D:2:      nicolae_dithmenos_shadow_blocks, kennysheep_decorative_pillar,
          minmay_pentomino_x4, uniq_crazy_yiuf_cottage, uniq_natasha,
          uniq_terence
D:3:      first_ration, grunt_ministairs_15, serial_bayou_pond_c
D:4:      temple_green, serial_shops, shop, shop_statue, kennysheep_mini,
          nrook_uturn, uniq_grinder, uniq_eustachio
D:5:      nicolae_sextant

Skill      XL: |  1  2  3  4  5 |
---------------+----------------+-----
Dodging        | 2 3 |  3.1
Stealth        | 2 3 |  3.8
Fighting       | 3 |  3.7
Crossbows      | |  4.9

Action                   |  1- 3 |  4- 6 || total
-------------------------+-------+-------++-------
Melee: Short sword       |       |    38 ||    38
 Fire: Hand crossbow     |    49 |    89 ||   138
 Abil: Dig               |       |     1 ||     1
  Use: Scroll            |     2 |     1 ||     3
  Eat: Chunk             |       |     3 ||     3
Armor: Scale mail        |     3 |    33 ||    36
Dodge: Dodged            |    13 |    62 ||    75

Table legend:
 A = Spawn XP
 B = Non-spawn XP
 C = Spawn XP percentage of total XP
 D = Spawn monster count
 E = Non-spawn monster count
 F = Spawn count percentage of total count
 G = Total turns spent on level
                    A         B        C        D         E        F      G
               +---------+---------+-------+---------+---------+-------+---------
         Total |       0 |     321 |   0.0 |       0 |      49 |   0.0 |  2228
               +---------+---------+-------+---------+---------+-------+---------
           D:1 |       0 |      33 |   0.0 |       0 |      16 |   0.0 |  1033
           D:2 |       0 |     204 |   0.0 |       0 |      24 |   0.0 |   856
           D:3 |       0 |      44 |   0.0 |       0 |       8 |   0.0 |   318
           D:5 |       0 |      40 |   0.0 |       0 |       1 |   0.0 |    19
               +---------+---------+-------+---------+---------+-------+---------
